 Dungeon Crawl Stone Soup version 0.29.0-4-gdea44cf6ec (webtiles) character file.

Game seed: 2839781086664740307

265 qw the Chopper (level 6, -1/35 HPs)
             Began as a Tengu Warper on Aug 28, 2022.
             Was an Initiate of Okawaru.
             Slain by a gnoll
             ... wielding a +0 flail
             ... led by a gnoll bouda
              (10 damage)
             ... on level 4 of the Dungeon.
             The game lasted 00:00:24 (4209 turns).

qw the Chopper (Tengu Warper)                       Turns: 4209, Time: 00:00:24

Health: -1/35      AC:  8    Str: 13    XL:     6   Next: 20%
Magic:  10/10      EV:  3    Int: 13    God:    Okawaru [......]
Gold:   194        SH: 18    Dex: 14    Spells: 9/9 levels left

rFire   . . .      SeeInvis .   Y - +1 hand axe
rCold   . . .      Faith    .   a - +0 tower shield
rNeg    . . .      Spirit   .   i - +0 chain mail
rPois   .          Reflect  +   (helmet restricted)
rElec   .          Harm     .   (no cloak)
rCorr   .          Rampage  .   (no gloves)
Will    .....                   (boots unavailable)
Stlth   ..........              j - amulet of reflection
HPRegen 0.11/turn               (no ring)
MPRegen 0.12/turn               (no ring)

@: flying quickly and evasively, quick
A: beak, talons 3, nimble flight
a: Renounce Religion


You were on level 4 of the Dungeon.
You worshipped Okawaru.
Okawaru was noncommittal.
You visited 2 branches of the dungeon, and saw 5 of its levels.

You collected 194 gold pieces.


Innate Abilities, Weirdness & Mutations

You have a beak for a mouth.
You have claws for feet.
Your magical nature lets you fly swiftly and evasively.


   Skills:
 - Level 2.0 Fighting
 - Level 5.4 Axes
 - Level 1.0 Throwing
 - Level 1.1 Armour
 - Level 2.1 Dodging
 + Level 3.7 Shields
 - Level 2.0 Spellcasting
 - Level 2.4 Translocations


You had 9 spell levels left.
You didn't know any spells.
Your spell library contained the following spells:

 Spells                   Type           Power      Damage    Failure   Level
 Blink                    Tloc           14%        N/A       100%        2
 Gell's Gravitas          Tloc           7%         N/A       100%        3
 Lesser Beckoning         Tloc           7%         N/A       100%        3
 Teleport Other           Tloc           7%         N/A       100%        3
 Manifold Assault         Tloc           7%         N/A       100%        5

Inventory:

Hand Weapons
 l - a +3 flail
 Y - a +1 hand axe (weapon)
Armour
 a - a +0 tower shield (worn)
 i - a +0 chain mail (worn)
Jewellery
 g - a ring of protection from cold
 j - an amulet of reflection (around neck)
Scrolls
 e - a scroll of identify
Potions
 c - a potion of curing {unknown}
 d - a potion of berserk rage {unknown}
 f - a potion of resistance {unknown}
 h - a potion of brilliance {unknown}
 k - a potion of mutation {unknown}
 m - a potion of might {unknown}

Dungeon Overview and Level Annotations

Branches:
Dungeon (4/15)             Temple (1/1) D:4

Altars:
Ashenzari
Cheibriados
Elyvilon
Gozag
Hepliaklqana
Kikubaaqudgha
Makhleb
Okawaru
Qazlal
Ru
Sif Muna
Trog
Uskayaw
Wu Jian
Yredelemnul
Zin
The Shining One

Shops:
D:4 [


Message History

You block the gnoll bouda's attack. You block the gnoll's attack.
The gnoll hits you from afar with a +0 vorpal spear.
You hit the gnoll bouda but do no damage.
You claw the gnoll bouda. Your peck misses the gnoll bouda.
The gnoll bouda is moderately wounded.
You closely miss the gnoll. You block the gnoll bouda's attack.
You block the gnoll's attack. The gnoll hits you but does no damage.
The gnoll bouda hits you but does no damage.
The gnoll hits you from afar with a +0 vorpal spear.
The gnoll hits you with a +0 flail.
4205 ||| DRINKING potion of heal wounds.
You feel much better. You block the gnoll bouda's attack.
You block the gnoll's attack. x2
You hit the gnoll bouda but do no damage.
You claw the gnoll bouda, but do no damage.
The gnoll bouda is moderately wounded.
You closely miss the gnoll.
The gnoll bouda hits you with a +0 club.
The gnoll hits you with a +0 flail. You block the gnoll's attack.
You hit the gnoll bouda but do no damage.
The gnoll bouda is moderately wounded.
You hit the gnoll but do no damage. You block the gnoll bouda's attack.
The gnoll hits you with a +0 flail. You block the gnoll's attack.
You block the gnoll bouda's attack. The gnoll barely misses you.
The gnoll hits you from afar with a +0 vorpal spear.
You hit the gnoll bouda but do no damage.
You claw the gnoll bouda.
The gnoll bouda is heavily wounded.
You hit the gnoll.
Your attacks no longer feel as feeble.
The gnoll bouda hits you with a +0 club.
You block the gnoll's attack. x2
You barely miss the gnoll bouda.
You claw the gnoll bouda, but do no damage.
The gnoll bouda is heavily wounded.
You barely miss the gnoll. The gnoll bouda barely misses you.
The gnoll hits you with a +0 flail!
You die...

......###...............(.##.#...
...#### #.###.............##.#.##
...# #.# ######...#.##.##.#...
...# #.# #>......)...#.## ####
#.# #...####.####.## ...# #.#
#...# #.# #... ...## #.# #...#
#.# ###. ....### #.#########.###
#.######.
......###.#....g@g....###........
.}........#.####)......#########.
...##.#####.....g.#.#..##### #.
...##.# ##.##........%....# ##
..###.# #..........#..###.## ##
.####.# #.............##...# #.
......####:.####..#.##.##...# #.
#######................##...####'
##.##>##.#####.######.###~~.


You could see a gnoll bouda and 2 gnolls.

Vanquished Creatures
  A water moccasin zombie (D:4)
  A jelly (D:4)
  A scorpion zombie (D:4)
  An orc wizard (D:3)
  5 adders
  A gnoll (D:4)
  2 adder zombies (D:4)
  2 worms
  5 orcs
  7 ball pythons
  A bat (D:3)
  7 endoplasms
  A giant cockroach (D:2)
  4 goblins
  6 hobgoblins
  4 jackals (D:3)
  5 kobolds
  2 quokkas (D:3)
  A frilled lizard (D:1)
  3 rats
60 creatures vanquished.

Vanquished Creatures (others)
  7 withered plants (D:4)
7 creatures vanquished.

Grand Total: 67 creatures vanquished

Notes
Turn   | Place    | Note
-------+----------+-------------------------------------------
     0 | D:1      | qw the Tengu Warper began the quest for the Orb.
     0 | D:1      | Reached XP level 1. HP: 12/12 MP: 4/4
     0 | D:1      | 0 ||| qw: Version: 0.1-a-89-g26bdef1
     0 | D:1      | 0 ||| qw: Game counter: 702
     0 | D:1      | 0 ||| qw: Always use a shield: true
     0 | D:1      | 0 ||| qw: God list: Okawaru
     0 | D:1      | 0 ||| qw: Allow faded altars: false
     0 | D:1      | 0 ||| qw: Do Orc after D:15 true
     0 | D:1      | 0 ||| qw: Do second Lair branch before Depths: true
     0 | D:1      | 0 ||| qw: Lair rune preference: random
     0 | D:1      | 0 ||| qw: Plans: Normal
     0 | D:1      | 0 ||| PLANNING D:1-11
   254 | D:1      | 254 ||| Stepping ~*~*~tactically~*~*~ (stealth).
   258 | D:1      | Reached XP level 2. HP: 17/17 MP: 6/6
   259 | D:1      | Found a faded altar of an unknown god.
   261 | D:1      | Reached skill level 3 in Axes
   604 | D:1      | 604 ||| UPGRADING to +0 chain mail.
   614 | D:1      | 614 ||| DROPPING +0 leather armour.
   615 | D:1      | 615 ||| READING scroll labelled JEUSTR ADUHE.
   616 | D:1      | 616 ||| READING scroll labelled USOVUF TEID.
   617 | D:1      | 617 ||| READING scroll labelled QOTTOGO HAGG.
   618 | D:1      | 618 ||| READING scroll labelled UXEAME GUFUWUS.
   619 | D:1      | 619 ||| DROPPING scroll of blinking.
   751 | D:2      | Found a broken altar of Ashenzari.
  1068 | D:2      | Reached XP level 3. HP: 16/21 MP: 7/7
  1166 | D:2      | Reached skill level 4 in Axes
  1440 | D:2      | 1440 ||| UPGRADING to amulet of reflection.
  1445 | D:2      | 1445 ||| READING scroll labelled PATANO DUWKA.
  1446 | D:2      | 1446 ||| READING scroll labelled GOESIGH NYPNA.
  1447 | D:2      | 1447 ||| READING scroll labelled BAKKIGRI PILIEC.
  1448 | D:2      | 1448 ||| READING scroll labelled KURIWU GIG LIO.
  1509 | D:3      | 1509 ||| STAIRDANCE
  1552 | D:3      | HP: 5/21 [orc/+0 dagger (2)]
  1558 | D:3      | HP: 4/21 [something (1)]
  1560 | D:3      | Reached XP level 4. HP: 6/26 MP: 8/8
  1917 | D:3      | Reached skill level 5 in Axes
  1945 | D:3      | Found a burning altar of Makhleb.
  1956 | D:3      | 1956 ||| Stepping ~*~*~tactically~*~*~ (stealth).
  1957 | D:3      | 1957 ||| Stepping ~*~*~tactically~*~*~ (stealth).
  1959 | D:3      | 1959 ||| Stepping ~*~*~tactically~*~*~ (stealth).
  2245 | D:3      | Found an ornate altar of the Wu Jian Council.
  2307 | D:3      | Found a glowing silver altar of Zin.
  2457 | D:3      | 2457 ||| UPGRADING to +0 tower shield.
  2473 | D:3      | 2473 ||| READING scroll labelled SOEBBO AGOTT.
  2474 | D:3      | 2474 ||| Stepping randomly (stuck).
  2475 | D:3      | 2475 ||| Stepping ~*~*~tactically~*~*~ (cloud).
  2479 | D:3      | HP: 6/26 [poisoned by you (poison gas)]
  2483 | D:3      | HP: 2/26 [poisoned by you (poison gas)]
  2828 | D:4      | Found Fekhlib's Antique Armour Shop.
  2829 | D:4      | 2829 ||| PLANNING SEWER
  2833 | D:4      | 2833 ||| STAIRDANCE
  2873 | D:4      | 2873 ||| SHOPLISTING heavily runed chain mail (247 gold,
                  | have 108).
  2873 | D:4      | 2873 ||| SHOPLISTING runed chain mail (195 gold, have 108).
  2881 | D:4      | Gained mutation: Your magical nature lets you fly swiftly
                  | and evasively. [Tengu growth]
  2881 | D:4      | Reached XP level 5. HP: 30/30 MP: 9/9
  2898 | D:4      | Reached skill level 1 in Shields
  3015 | D:4      | Found an ancient bone altar of Kikubaaqudgha.
  3033 | D:4      | 3033 ||| Stepping ~*~*~tactically~*~*~ (stealth).
  3082 | D:4      | 3082 ||| Stepping ~*~*~tactically~*~*~ (hiding).
  3089 | D:4      | HP: 7/30 [gnoll bouda/+0 club (7)]
  3090 | D:4      | 3090 ||| READING scroll of teleportation.
  3092 | D:4      | HP: 2/30 [gnoll/+0 halberd[a gnoll bouda] (5)]
  3449 | D:4      | 3449 ||| DROPPING +0 mace.
  3458 | D:4      | 3458 ||| DRINKING 2 dark potions.
  3468 | D:4      | 3468 ||| DROPPING potion of ambrosia.
  3469 | D:4      | 3469 ||| Stepping randomly (stuck).
  3471 | D:4      | 3471 ||| Stepping randomly (stuck).
  3473 | D:4      | 3473 ||| Stepping randomly (stuck).
  3474 | D:4      | 3474 ||| Stepping randomly (stuck).
  3475 | D:4      | 3475 ||| Stepping randomly (stuck).
  3477 | D:4      | 3477 ||| Stepping randomly (stuck).
  3478 | D:4      | 3478 ||| Stepping randomly (stuck).
  3479 | D:4      | 3479 ||| Stepping randomly (stuck).
  3480 | D:4      | 3480 ||| Stepping randomly (stuck).
  3481 | D:4      | 3481 ||| Stepping randomly (stuck).
  3482 | D:4      | 3482 ||| Stepping randomly (stuck).
  3524 | D:4      | 3524 ||| RIP SEWER
  3546 | D:4      | 3546 ||| PLANNING D:1-11
  3759 | D:4      | Found a staircase to the Ecumenical Temple.
  3760 | D:4      | 3760 ||| PLANNING TEMPLE
  3760 | D:4      | 3760 ||| DRINKING 2 purple potions.
  3782 | Temple   | Entered the Ecumenical Temple
  3787 | Temple   | Became a worshipper of Warmaster Okawaru
  3801 | Temple   | 3801 ||| PLANNING D:1-11
  4001 | D:4      | Found a basalt altar of Yredelemnul.
  4013 | D:4      | Reached skill level 3 in Shields
  4013 | D:4      | Reached XP level 6. HP: 35/35 MP: 10/10
  4103 | D:4      | 4103 ||| Stepping ~*~*~tactically~*~*~ (stealth).
  4117 | D:4      | 4117 ||| Stepping ~*~*~tactically~*~*~ (hiding).
  4120 | D:4      | 4120 ||| Stepping ~*~*~tactically~*~*~ (hiding).
  4176 | D:4      | 4176 ||| Stepping ~*~*~tactically~*~*~ (stealth).
  4192 | D:4      | 4192 ||| Stepping ~*~*~tactically~*~*~ (stealth).
  4204 | D:4      | HP: 8/35 [gnoll/+0 flail[a gnoll bouda] (6)]
  4205 | D:4      | 4205 ||| DRINKING potion of heal wounds.
  4209 | D:4      | Slain by a gnoll

Levels and vault maps discovered:
D:1:      ncdulo_lavacross, layout_loops_cross,
          shapermc_ecumenical_altar_pompeii
D:2:      layout_rooms, basic_altar
D:3:      layout_basic, pdpol_wu_jian_five_deadly_venoms,
          mainiacjoe_overflow_six_doors_small, general_overflow_altar
D:4:      layout_loops_cross, nicolae_yredelemnul_corpse_copse,
          kiku_gazebo_garden_becter, temple_fountains, serial_shops,
          shop_fountains, portal_sewer_entry_e, minmay_strange_pillars,
          kennysheep_another_room, minmay_puff
Temple:   minmay_freezing_vapour_temple

Skill      XL: |  1  2  3  4  5 |
---------------+----------------+-----
Axes           | 3 4 5 |  5.4
Shields        | 3 |  3.7
Fighting       | |  2.0
Throwing       | |  1.0
Armour         | |  1.1
Dodging        | |  2.1
Spellcasting   | |  2.0
Translocations | |  2.4

Action                   |  1- 3 |  4- 6 || total
-------------------------+-------+-------++-------
Melee: Hand axe          |    48 |   137 ||   185
       Kick              |    15 |    38 ||    53
       Peck              |     4 |    22 ||    26
       Punch             |     1 |       ||     1
Throw: Boomerang         |     7 |       ||     7
  Use: Scroll            |     8 |     2 ||    10
       Potion            |       |     3 ||     3
Armor: Leather armour    |     1 |       ||     1
       Chain mail        |    33 |    47 ||    80
Dodge: Dodged            |    17 |    13 ||    30
Block: Other             |     6 |    10 ||    16
       Tower shield      |       |    84 ||    84

Table legend:
 A = Non-vault XP
 B = Vault XP
 C = Vault XP percentage of total XP
 D = Non-vault monster count
 E = Vault monster count
 F = Vault count percentage of total count
                 A         B        C        D         E       F
            +---------+---------+-------+---------+---------+-------
      Total |     253 |     126 |  33.2 |      55 |       5 |   8.3
            +---------+---------+-------+---------+---------+-------
        D:1 |      14 |       0 |   0.0 |       8 |       0 |   0.0
        D:2 |      40 |       0 |   0.0 |       8 |       0 |   0.0
        D:3 |     103 |       0 |   0.0 |      24 |       0 |   0.0
        D:4 |      96 |     126 |  56.8 |      15 |       5 |  25.0
            +---------+---------+-------+---------+---------+-------
